 Dungeon Crawl Stone Soup version 0.29.1-12-g30fa7ad0bf (webtiles) character file.

Game seed: 17034110797062195062

7554 112233 the Thaumaturge (level 10, -7/59 HPs)
             Began as a Deep Elf Conjurer on Dec 25, 2022.
             Was a Believer of Sif Muna.
             Mangled by a seven-headed hydra (9 damage)
             ... on level 11 of the Dungeon.
             The game lasted 00:14:13 (13228 turns).

112233 the Thaumaturge (Deep Elf Conjurer)         Turns: 13228, Time: 00:14:14

Health: -7/59      AC:  5    Str:  6    XL:     10   Next: 96%
Magic:  7/29       EV: 15    Int: 40    God:    Sif Muna [**....]
Gold:   552        SH:  0    Dex: 13    Spells: 20/35 levels left

rFire   . . .      SeeInvis .   t - +1 dagger (vamp)
rCold   . . .      Faith    .   (no shield)
rNeg    + . .      Spirit   .   a - +0 robe
rPois   .          Reflect  .   r - +0 helmet
rElec   .          Harm     .   w - +0 cloak
rCorr   .          Rampage  .   q - +0 pair of gloves
Will    +....                   (no boots)
Stlth   ++........              N - amulet of regeneration
HPRegen 0.99/turn               K - +6 ring of intelligence
MPRegen 0.21/turn               s - ring "Cuuforor" {rN+ Str+2 Int+6}

@: no status effects
A: no striking features
a: Renounce Religion, Channel Magic


You were on level 11 of the Dungeon.
You worshipped Sif Muna.
Sif Muna was pleased with you.
You visited 1 branch of the dungeon, and saw 11 of its levels.
You also visited: Sewer and Bailey.

You collected 552 gold pieces.

Inventory:

Hand Weapons
 m - the +9 whip "Cuazirr" {vorpal, *Slow rN+ Str+4}
   (You found it on level 2 of the Dungeon)

   It inflicts extra damage upon your enemies.
   Str:       It affects your strength (+4).
   rN:        It protects you from negative energy.
   *Slow:     It may slow you when you take damage.
 n - a +2 short sword of venom
 t - a +1 vampiric dagger (weapon)
Missiles
 G - a throwing net
 M - a curare-tipped dart
 O - 2 atropa-tipped darts
 P - 8 poisoned darts
Armour
 a - a +0 robe (worn)
 q - a +0 pair of gloves (worn)
 r - a +0 helmet (worn)
 w - a +0 cloak (worn)
Jewellery
 j - a ring of wizardry
 s - the ring "Cuuforor" (right hand) {rN+ Str+2 Int+6}
   (You found it on level 4 of the Dungeon)

   [ring of intelligence]

   Str:       It affects your strength (+2).
   Int:       It affects your intelligence (+6).
   rN:        It protects you from negative energy.
 K - a +6 ring of intelligence (left hand)
 L - a +6 ring of dexterity
 N - an amulet of regeneration (around neck)
Wands
 o - a wand of quicksilver (2)
 A - a wand of roots (18)
 F - a wand of flame (18)
Scrolls
 d - 5 scrolls of poison
 f - 4 scrolls of butterflies
 g - 2 scrolls of noise
 i - 2 scrolls of magic mapping
 l - a scroll of brand weapon {unknown}
 u - a scroll of silence {unknown}
 x - a scroll of immolation {unknown}
 y - a scroll of vulnerability {unknown}
 z - 5 scrolls of torment
 C - a scroll of enchant weapon {unknown}
 H - 4 scrolls of teleportation
 I - a scroll of amnesia
Potions
 b - 3 potions of curing
 c - a potion of brilliance
 e - 5 potions of might
 h - 4 potions of haste
 k - 2 potions of invisibility {unknown}
 p - 4 potions of flight
 v - 2 potions of heal wounds
 B - a potion of magic
 D - a potion of cancellation {unknown}
 E - a potion of resistance {unknown}
 J - a potion of mutation {unknown}
 Q - a potion of lignification {unknown}


   Skills:
 + Level 5.0 Fighting
 + Level 7.8 Dodging
 - Level 2.4 Stealth
 * Level 13.3 Spellcasting
 + Level 8.9 Conjurations
 + Level 8.5 Hexes
 + Level 4.1 Invocations


You had 20 spell levels left.
You knew the following spells:

 Your Spells              Type           Power      Damage    Failure   Level
a - Magic Dart            Conj           100%       1d8       1%          1
b - Searing Ray           Conj           100%       2d8       1%          2
c - Iskenderun's Mystic   Conj/Tloc      58%        2d12      1%          4
d - Apportation           Tloc           52%        N/A       1%          1
e - Fulminant Prism       Conj/Hex       38%        3d18      1%          4
f - Mephitic Cloud        Conj/Pois/Air  50%        N/A       1%          3

Your spell library contained the following spells:

 Spells                   Type           Power      Damage    Failure   Level
 Beastly Appendage        Tmut           52%        N/A       1%          1
 Call Imp                 Summ           26%        N/A       1%          2
 Ensorcelled Hibernation  Hex/Ice        100%       N/A       1%          2
 Wereblood                Tmut           26%        N/A       1%          2
 Dazzling Flash           Conj/Hex       100%       N/A       1%          3
 Anguish                  Hex/Necr       28%        N/A       2%          4
 Gell's Gravitas          Tloc           26%        N/A       3%          3
 Lesser Beckoning         Tloc           26%        N/A       3%          3
 Spider Form              Tmut/Pois      26%        N/A       3%          3
 Teleport Other           Tloc           26%        N/A       3%          3
 Silence                  Hex/Air        28%        N/A       6%          5
 Agony                    Necr           26%        N/A       34%         5
 Alistair's Intoxication  Tmut/Pois      17%        N/A       34%         5


Dungeon Overview and Level Annotations

Branches:
Dungeon (11/15)            Temple (0/1) D:4            Lair (0/5) D:10
  Sewer (visited)          Bailey (visited)
    Orc: D:9-12

Altars:
Sif Muna

Annotations:
D:3 2 runed translucent doors, exclusion: downstairs, Crazy Yiuf; Xenoroth98's ghost, amateur OgFi
D:9 exclusion: downstairs


Message History

The seven-headed hydra is knocked back by the mystic blast.
Unknown command.
Unknown command.
Casting: Iskenderun's Mystic Blast (dangerous; 1% risk of failure)
Confirm with . or Enter, or press ? or * to list all spells.
You erupt in a blast of force!
The mystic blast hits the seven-headed hydra!
The seven-headed hydra is heavily wounded.
The seven-headed hydra is knocked back by the mystic blast.
Unknown command.
Unknown command.
Casting: Iskenderun's Mystic Blast (dangerous; 1% risk of failure)
Confirm with . or Enter, or press ? or * to list all spells.
You erupt in a blast of force!
The mystic blast hits the seven-headed hydra!!
The seven-headed hydra is severely wounded.
The seven-headed hydra is knocked back by the mystic blast.
Unknown command.
Unknown command.
Casting: Iskenderun's Mystic Blast (dangerous; 1% risk of failure)
Confirm with . or Enter, or press ? or * to list all spells.
You erupt in a blast of force!
The mystic blast hits the seven-headed hydra!
The seven-headed hydra is severely wounded.
The seven-headed hydra barely misses you.
The seven-headed hydra misses you.
The seven-headed hydra closely misses you.
The seven-headed hydra misses you. The seven-headed hydra bites you!
The seven-headed hydra misses you. The seven-headed hydra bites you!
Your magical contamination has completely faded away.
The seven-headed hydra bites you!
The seven-headed hydra completely misses you.
The seven-headed hydra bites you!
* * * LOW HITPOINT WARNING * * *
The seven-headed hydra closely misses you.
The seven-headed hydra bites you but does no damage.
The seven-headed hydra bites you.
* * * LOW HITPOINT WARNING * * *
The seven-headed hydra bites you!
You die...

#.! ... ..
..##### .#...
... #D#
#@#######
#.......#
#######.###
#.........#
###.#####.#.#
#...# #.#.#
#####
#.#.########
#..^.##.....
#....##.....


You could see a seven-headed hydra.

Vanquished Creatures
  A two-headed ogre (D:7)
  Pikel (D:9)
  A kobold demonologist (D:10)
  2 trolls
  A wyvern (D:9)
  A basilisk (D:11)
  7 yaks
  A wraith (D:9)
  A steam dragon (D:7)
  2 vampire mosquitoes (D:7)
  Edmund (D:4)
  Duvessa (D:4)
  2 ice beasts
  A black bear (D:5)
  3 orc warriors
  A sky beast (D:8)
  An ogre (D:7)
  5 wolves (D:10)
  2 centaurs
  5 kobold brigands
  4 bullfrogs
  2 gnoll sergeants
  3 necrophages
  A scorpion (D:5)
  6 wights
  Dowan (D:4)
  7 killer bees (D:9)
  A howler monkey (D:4)
  3 electric eels (D:10)
  2 jellies
  7 hounds
  2 orc priests (D:9)
  Jessica (D:3)
  An iguana (D:6)
  4 orc wizards
  14 gnolls
  5 adders
  2 river rats (Sewer)
  An ufetubus (D:7)
  A dart slug (D:4)
  A worm (D:2)
  21 orcs
  7 ball pythons
  6 endoplasms
  4 giant cockroaches
  3 goblins
  7 hobgoblins
  5 jackals
  4 quokkas
  7 bats
  2 frilled lizards
  6 kobolds
  13 rats
194 creatures vanquished.

Vanquished Creatures (others)
  18 fulminant prisms
18 creatures vanquished.

Grand Total: 212 creatures vanquished

Notes
Turn   | Place    | Note
-------+----------+-------------------------------------------
     0 | D:1      | 112233 the Deep Elf Conjurer began the quest for the Orb.
     0 | D:1      | Reached XP level 1. HP: 10/10 MP: 6/6
   196 | D:1      | Reached XP level 2. HP: 2/15 MP: 5/8
   592 | D:1      | Reached skill level 4 in Spellcasting
   727 | D:1      | Found a faded altar of an unknown god.
   734 | D:1      | Learned a level 2 spell: Searing Ray
  1248 | D:1      | Reached XP level 3. HP: 19/19 MP: 6/10
  1772 | D:2      | Identified the +9 whip "Cuazirr" {vorpal, *Slow rN+ Str+4}
  1998 | D:3      | Noticed Xenoroth98's ghost (amateur OgFi)
  1998 | D:3      | Found a runed translucent door.
  2035 | D:3      | Reached skill level 5 in Spellcasting
  2035 | D:3      | Reached skill level 5 in Conjurations
  2058 | D:3      | Reached XP level 4. HP: 24/24 MP: 9/13
  2153 | D:3      | Learned a level 1 spell: Apportation
  2158 | D:3      | Learned a level 4 spell: Iskenderun's Mystic Blast
  2330 | D:3      | Found a glowing drain.
  2339 | Sewer    | Entered a sewer
  2633 | Sewer    | Learned a level 4 spell: Fulminant Prism
  2657 | Sewer    | Noticed a kobold brigand
  2667 | Sewer    | Killed a kobold brigand
  2668 | Sewer    | Reached skill level 6 in Spellcasting
  2668 | Sewer    | Reached skill level 1 in Hexes
  2668 | Sewer    | Reached XP level 5. HP: 28/28 MP: 1/15
  3087 | Sewer    | Found a glowing silver altar of Zin.
  3373 | D:3      | Found a runed translucent door.
  3374 | D:3      | Noticed Crazy Yiuf
  3863 | D:3      | Noticed Jessica
  3867 | D:3      | Killed Jessica
  3868 | D:3      | Reached skill level 7 in Spellcasting
  3868 | D:3      | Reached XP level 6. HP: 32/32 MP: 13/18
  3901 | D:3      | Found a shimmering blue altar of Sif Muna.
  3910 | D:3      | Became a worshipper of Sif Muna the Loreminder
  4012 | D:4      | Noticed Dowan
  4012 | D:4      | Noticed Duvessa
  4427 | D:4      | Found a staircase to the Ecumenical Temple.
  4438 | D:4      | Noticed Edmund
  4439 | D:4      | Identified the ring "Cuuforor" {rN+ Str+2 Int+6}
  4449 | D:5      | Entered Level 5 of the Dungeon
  4761 | D:4      | Killed Duvessa
  4779 | D:4      | Killed Dowan
  4780 | D:4      | Reached skill level 1 in Fighting
  5016 | D:4      | Reached XP level 7. HP: 25/38 MP: 6/20
  5467 | D:4      | Killed Edmund
  5468 | D:4      | Reached skill level 8 in Spellcasting
  7308 | D:6      | Reached XP level 8. HP: 44/44 MP: 13/22
  7512 | D:6      | Reached skill level 9 in Spellcasting
  8243 | D:7      | Noticed a two-headed ogre
  8253 | D:7      | Killed a two-headed ogre
  8253 | D:7      | Reached * piety under Sif Muna
  8254 | D:7      | Reached skill level 5 in Dodging
  8254 | D:7      | Reached skill level 10 in Spellcasting
  8254 | D:7      | Reached skill level 5 in Hexes
  8368 | D:6      | Reached XP level 9. HP: 35/50 MP: 16/25
  9253 | D:7      | Reached skill level 11 in Spellcasting
 10493 | D:9      | Reached skill level 1 in Invocations
 10555 | D:9      | Found a flagged portal.
 10563 | Bailey   | Entered a bailey
 10866 | D:9      | Reached skill level 12 in Spellcasting
 10866 | D:9      | Reached XP level 10. HP: 37/56 MP: 11/28
 11299 | D:9      | Reached ** piety under Sif Muna
 11662 | D:9      | Noticed Pikel
 11675 | D:9      | Killed Pikel
 11897 | D:10     | Entered Level 10 of the Dungeon
 12227 | D:10     | Reached skill level 13 in Spellcasting
 12492 | D:10     | Learned a level 3 spell: Mephitic Cloud
 12537 | D:10     | Found a staircase to the Lair.
 13110 | D:11     | Reached skill level 5 in Fighting
 13217 | D:11     | Noticed a seven-headed hydra
 13228 | D:11     | HP: 2/59 [seven-headed hydra (5)]
 13228 | D:11     | Mangled by a seven-headed hydra

Illustrated notes

Levels and vault maps discovered:
D:1:      lemuel_arrival_broad_hall, layout_basic,
          hellmonk_ecumenical_altar_slurped_away
D:2:      layout_rooms
D:3:      layout_basic, tgw_sif, hellmonk_ghost_happy_afterlife,
          portal_sewer_entry_d, uniq_crazy_yiuf_cottage
D:4:      layout_layer_cave, minmay_temple_entry_metal_lava,
          mrwooster_statue_mirror, uniq_duvessa, uniq_edmund
D:5:      layout_cave_pods
D:6:      layout_basic, lemuel_flamethrower_2
D:7:      layout_loops_ring
D:8:      layout_basic
D:9:      layout_loops_ring, enter_bailey_7, uniq_pikel
D:10:     layout_rooms, erik_lair_island
D:11:     layout_basic, minmay_splitting_lines, grunt_qazlal_clouds

Skill      XL: |  1  2  3  4  5  6  7  8  9 10 |
---------------+-------------------------------+-----
Spellcasting   | 4 5 6 7 8 10 12 13 | 13.3
Conjurations   | 5 6 7 8 |  8.9
Hexes          | 1 2 3 4 5 7 8 |  8.5
Fighting       | 1 2 3 4 5 |  5.0
Dodging        | 3 4 5 6 7 |  7.8
Invocations    | 1 4 |  4.1
Stealth        | |  2.4

Action                   |  1- 3 |  4- 6 |  7- 9 | 10-12 || total
-------------------------+-------+-------+-------+-------++-------
Melee: Unarmed           |     2 |       |       |       ||     2
       Dagger            |       |       |     1 |     9 ||    10
 Cast: Magic Dart        |    76 |    53 |   124 |    43 ||   296
       Searing Ray       |       |    10 |    33 |    24 ||    67
       Fulminant Prism   |       |     4 |     5 |     9 ||    18
       Iskenderun's Myst |       |     8 |    24 |    27 ||    59
Evoke: Wand              |       |     3 |       |       ||     3
  Use: Potion            |     1 |     7 |       |     1 ||     9
       Scroll            |       |     4 |     5 |     2 ||    11
 Stab: Sleeping          |       |       |     1 |       ||     1
Armor: Robe              |       |     1 |    11 |     7 ||    19
Dodge: Dodged            |    20 |     8 |    50 |    40 ||   118
